 Dungeon Crawl Stone Soup version 0.23-a0-164-g7711e57 (webtiles) character file.

15 Amnesiac the Chiller (level 2, -8/19 HPs)
             Began as a Mummy Ice Elementalist on Sept 10, 2018.
             Mangled by a worm (11 damage)
             ... on level 2 of the Dungeon.
             The game lasted 00:02:14 (678 turns).

Amnesiac the Chiller (Mummy Ice Elementalist)        Turns: 678, Time: 00:02:15

Health: -8/19      AC:  3    Str: 11    XL:     2   Next: 34%
Magic:  0/5        EV: 12    Int: 14    God:
Gold:   42         SH:  0    Dex: 12    Spells: 5/6 levels left

rFire    x . .     SeeInvis .   (no weapon)
rCold    + . .     Gourm    .   (no shield)
rNeg     + + +     Faith    .   a - +1 robe
rPois    ∞         Spirit   .   (no helmet)
rElec    .         Reflect  .   (no cloak)
rCorr    .         Harm     .   (no gloves)
MR       .....                  (no boots)
Stlth    ++........             (no amulet)
HPRegen  0.06/turn              (no ring)
MPRegen  0.09/turn              (no ring)

@: no status effects
A: no food or potions, fire vulnerability, cold resistance 1, negative energy
resistance 3, torment resistance, unbreathing
a: no special abilities


You were on level 2 of the Dungeon.
You were not hungry.

You visited 1 branch of the dungeon, and saw 3 of its levels.

You collected 42 gold pieces.

Inventory:

Hand Weapons
 c - a +0 hunting sling
Armour
 a - a +1 robe (worn)
Scrolls
 b - a scroll of magic mapping {!r}


   Skills:
 - Level 1.5 Dodging
 - Level 1.5 Stealth
 + Level 2.9 Spellcasting
   Level 0.7 Conjurations
 * Level 3.0 Ice Magic


You had 5 spell levels left.
You knew the following spells:

 Your Spells              Type           Power        Failure   Level  Hunger
a - Freeze                Ice            ##..         6%          1    N/A

Your spell library contained the following spells:

 Spells                   Type           Power        Failure   Level  Hunger
 Throw Frost              Conj/Ice       #.....       16%         2    N/A
 Ozocubu's Armour         Chrm/Ice       #.......     34%         3    N/A
 Throw Icicle             Conj/Ice       #.......     69%         4    N/A
 Summon Ice Beast         Ice/Summ       #.......     75%         4    N/A

Dungeon Overview and Level Annotations

Branches:
Dungeon (3/15)

Altars:


Innate Abilities, Weirdness & Mutations

You do not eat or drink.
Your flesh is vulnerable to fire.
You are immune to poison.
Your flesh is cold resistant. (rC+)
You are immune to negative energy. (rN+++)
You are immune to unholy pain and torment.
You can survive without breathing.


Message History

You shoot a stone. The stone hits the worm.
The worm is heavily wounded.
Firing (i - inventory) No suitable missiles.
Press: ? - help, Shift-Dir - straight line, f/p - worm
Aim: a worm (moderately wounded)
Okay, then.
A jackal comes into view.
A jackal comes into view.
The jackal barks!
Really read
d - a scroll labeled ZYZATZ FACO {!r}?
As you read the scroll labeled ZYZATZ FACO {!r}, it crumbles to dust.
It is a scroll of enchant armour.
Your +0 robe glows green for a moment.
Really read
b - 2 scrolls labeled OSMAZO KUINT {!r}?
As you read the scroll labeled OSMAZO KUINT {!r}, it crumbles to dust.
You feel aware of your surroundings.
You sensed 1 altar.
It was a scroll of magic mapping {!r}.
The jackal barely misses you.
Casting: Freeze (safe; 6% risk of failure)
Confirm with . or Enter, or press ? or * to list all spells.
Aiming: Freeze (safe; 6% risk of failure)
Press: ? - help, Shift-Dir - straight line, f - jackal, p - worm
Aim: a jackal You freeze the jackal.
The jackal is lightly wounded.
The jackal closely misses you.
Casting: Freeze (safe; 6% risk of failure)
Confirm with . or Enter, or press ? or * to list all spells.
Aiming: Freeze (safe; 6% risk of failure)
Press: ? - help, Shift-Dir - straight line, f/p - jackal
Aim: a jackal (lightly wounded)
You freeze the jackal.
The jackal is heavily wounded.
The jackal bites you.
* * * LOW HITPOINT WARNING * * *
The jackal barely misses you.
Casting: Freeze (safe; 6% risk of failure)
Confirm with . or Enter, or press ? or * to list all spells.
Aiming: Freeze (safe; 6% risk of failure)
Press: ? - help, Shift-Dir - straight line, f/p - jackal
Aim: a jackal (moderately wounded)
You freeze the jackal.
The jackal is almost dead.
The jackal closely misses you. The worm misses you.
Really attack while wielding your +0 hunting sling?
Okay, then.
Wield which item (- for none, * to show all)? (? for menu, Esc to quit)
You are now empty-handed.
The jackal closely misses you.
You miss the jackal.
The jackal is almost dead.
A jackal comes into view.
The jackal bites you but does no damage.
The worm bites you.
* * * LOW HITPOINT WARNING * * *
You miss the jackal.
The jackal is almost dead.
The jackal barely misses you.
The jackal bites you but does no damage.
You hit the jackal but do no damage.
The jackal is almost dead.
The jackal bites you but does no damage.
The worm bites you!
Ouch! That really hurt!
You die...

* **+** #>(###(# ## *
*,* #)...((# ##w * *,*
##.##### ##.# * **,**
#(# #w## * **,,,** #.#
##.# ***** *,,,,,* #.#
##. *,,,** **,,,** #.#
## ,***,*
*#.##########.# # ,*
*,****#...hhh@w....#
,***,,,,,...###########
*,,,******,** ***** *,*
,* *,* ******* ,* *,*
*,,,,,, ,***** *,*
*********,***,* ,,,,,*
*,***** *,,,,,,,*,* *,*
,,,*,* *,*,,,**
*,*****,*,* *,,


You could see a worm and 3 jackals.

Vanquished Creatures
  A leopard gecko (D:3)
  4 orcs
  A hobgoblin (D:3)
  A bat (D:2)
  A kobold (D:1)
  3 rats
11 creatures vanquished.

Notes
Turn   | Place    | Note
-------+----------+-------------------------------------------
     0 | D:1      | Amnesiac the Mummy Ice Elementalist began the quest for the
                  | Orb.
     0 | D:1      | Reached XP level 1. HP: 13/13 MP: 4/4
   242 | D:3      | Noticed an orc priest
   254 | D:2      | Reached XP level 2. HP: 10/19 MP: 0/5
   538 | D:3      | Reached skill level 3 in Ice Magic
   678 | D:2      | Mangled by a worm

Vault maps used:
D:1:      ldierk_walled_garden, minmay_ruptured
D:2:      overflow_temple_1_default
D:3:      serial_curves, eino_curves_03, eino_curves_02,
          chequers_ecumenical_altar_simple_redux, uniq_terence

Skill      XL: |  1  2 |
---------------+-------+-----
Ice Magic      | 3 |  3.0
Dodging        | |  1.5
Stealth        | |  1.5
Spellcasting   | |  2.9
Conjurations   | |  0.7

Action                   || total
-------------------------++-------
Melee: Unarmed           ||     5
 Fire: Hunting sling     ||    14
 Cast: Freeze            ||    29
  Use: Scroll            ||     2
Armor: Robe              ||     9
Dodge: Dodged            ||    19

Table legend:
 A = Non-vault XP
 B = Vault XP
 C = Vault XP percentage of total XP
 D = Non-vault monster count
 E = Vault monster count
 F = Vault count percentage of total count
                 A         B        C        D         E       F
            +---------+---------+-------+---------+---------+-------
      Total |      22 |       0 |   0.0 |      11 |       0 |   0.0
            +---------+---------+-------+---------+---------+-------
        D:1 |       3 |       0 |   0.0 |       3 |       0 |   0.0
        D:2 |       5 |       0 |   0.0 |       3 |       0 |   0.0
        D:3 |      14 |       0 |   0.0 |       5 |       0 |   0.0
            +---------+---------+-------+---------+---------+-------
